 Dungeon Crawl Stone Soup version 0.31-a0-816-gd61d57ddb1 (webtiles) character file.

Game seed: 639985928392885308

15555 Conn the Destroyer (level 12, -13/74 HPs)
             Began as an Octopode Fire Elementalist on Sept 22, 2023.
             Was a Priest of Sif Muna.
             Killed from afar by a deep troll earth mage (31 damage)
             ... with a blast of metal fragments
             ... on level 11 of the Dungeon.
             The game lasted 00:40:22 (14089 turns).

Conn the Destroyer (Octopode Fire Elementalist)    Turns: 14089, Time: 00:40:22

Health: -13/74     AC:  5    Str: 10    XL:     12   Next: 28%
Magic:  22/24      EV: 16    Int: 21    God:    Sif Muna [***...]
Gold:   653        SH:  5    Dex: 14    Spells: 10/28 levels left

rFire   + + .        b - staff of poison
rCold   x . .        (no shield)
rNeg    + . .        (helmet restricted)
rPois   +            z - amulet of reflection
rElec   .            j - ring of positive energy
rCorr   +            t - ring of protection from fire
SInv    .            u - ring of resist corrosion
Will    .....        A - ring of Patz {Fire rCorr Str+3}
Stlth   ++++         C - ring of ice
HPRegen 0.32/turn    D - +4 ring of protection
MPRegen 0.19/turn    J - ring of fire
                     (no ring)

%: reflection
@: hasted, studying Short Blades, very quick
A: almost no armour, amphibious, 8 rings, camouflage 1, gelatinous body 1,
(nimble swimmer 1), tentacles
a: Renounce Religion, Channel Magic, Forget Spell


You were on level 11 of the Dungeon.
You worshipped Sif Muna.
Sif Muna was most pleased with you.
You visited 3 branches of the dungeon, and saw 14 of its levels.
You also visited: Ossuary.

You collected 741 gold pieces.
You spent 88 gold pieces at shops.

Inventory:

Hand Weapons
 a - a +3 dagger of protection
 h - a +0 flail of protection
Missiles
 G - 2 throwing nets
Armour
 H - a +1 buckler
Magical Staves
 b - a staff of poison (weapon)
Jewellery
 j - a ring of positive energy (left tentacle)
 t - a ring of protection from fire (right tentacle)
 u - a ring of resist corrosion (on tentacle)
 z - an amulet of reflection (around mantle)
 A - the ring of Patz (on tentacle) {Fire rCorr Str+3}
   (You found it on level 6 of the Dungeon)

   [ring of fire]

   Fire:      It enhances your fire magic.
   Str+3:     It affects your strength (+3).
   rF+:       It protects you from fire.
   rC-:       It makes you vulnerable to cold.
   rCorr:     It protects you from acid and corrosion.
 C - a ring of ice (on tentacle)
 D - a +4 ring of protection (on tentacle)
 J - a ring of fire (on tentacle)
Wands
 g - a wand of roots (5)
 m - a wand of acid (4)
 y - a wand of flame (31)
 I - a wand of polymorph (3)
 K - a wand of charming (5)
Scrolls
 c - a scroll of noise
 f - 4 scrolls of summoning
 p - a scroll of enchant armour
 x - 2 scrolls of teleportation
 E - 4 scrolls of identify
 F - a scroll of torment
Potions
 i - 3 potions of lignification
 k - 2 potions of haste
 l - 2 potions of magic
 n - a potion of cancellation
 o - a potion of invisibility
 q - a potion of attraction
 r - 2 potions of might
 s - a potion of berserk rage
 v - 2 potions of curing
 B - a potion of brilliance


   Skills:
 + Level 3.7 Fighting
 + Level 3.7 Staves
 + Level 7.2 Dodging
 - Level 4.0 Stealth
 + Level 3.3 Shields
 * Level 8.9 Spellcasting
 + Level 9.2 Conjurations
 + Level 7.3 Fire Magic
 + Level 4.0 Ice Magic
 + Level 3.9 Air Magic
 - Level 3.0 Poison Magic
 * Level 6.3 Invocations


You had 10 spell levels left.
You knew the following spells:

 Your Spells              Type           Power      Damage    Failure   Level
a - Foxfire               Conj/Fire      100%       2x1d9     1%          1
b - Scorch                Fire           100%       2d9       1%          2
c - Inner Flame           Hex/Fire       54%        N/A       4%          3
d - Flame Wave            Conj/Fire      78%        2d17      2%          4
e - Mephitic Cloud        Conj/Pois/Air  48%        N/A       2%          3
f - Freezing Cloud        Conj/Ice/Air   25%        6-21      19%         5

Your spell library contained the following spells:

 Spells                   Type           Power      Damage    Failure   Level
 Poisonous Vapours        Pois/Air       72%        N/A       2%          2
 Sting                    Tmut/Pois      92%        1d7       4%          1
 Volatile Blastmotes      Fire/Tloc      100%       2d18      4%          3
 Olgreb's Toxic Radiance  Pois           32%        N/A       22%         4


Dungeon Overview and Level Annotations

Branches:
Dungeon (12/15)            Temple (1/1) D:6            Lair (0/5) D:11
    Orc (1/2) D:12        Ossuary (visited)

Altars:
Ashenzari
Cheibriados
Dithmenos
Elyvilon
Fedhas
Gozag
Hepliaklqana
Kikubaaqudgha
Makhleb
Nemelex Xobeh
Okawaru
Qazlal
Ru
Sif Muna
Trog
Uskayaw
Vehumet
Wu Jian
Xom
Yredelemnul
Zin
The Shining One

Shops:
D:4 *   D:6 [

Annotations:
Orc:1 Fannar


Innate Abilities, Weirdness & Mutations

You cannot wear most types of armour.
You are amphibious.
You can wear up to eight rings at the same time.
Your skin changes colour to match your surroundings (Stealth+).
Your rubbery body absorbs attacks. (AC +1, EV +1)
((You are camouflaged when in or above water. (Stealth+)))
You have tentacles for arms and can constrict up to eight enemies at once.


Message History

Confirm with . or Enter, or press ? or * to list all spells.
Okay, then.
Aiming: Corrosive Bolt
Press: ? - help, Shift-Dir - straight line, f/p - orc knight
Aim: an orc knight, wielding a +0 halberd and wearing a +0 plate armour of poison resistance (inner flame, 71% to hit)
The bolt of acid hits the orc knight!
The acid corrodes the orc knight!
Flame seeps out of the orc knight.
The orc knight is lightly wounded.
The orc knight is engulfed in blazing flames.
Flame seeps out of the orc knight.
Casting: Scorch (safe; 1% risk of failure)
Confirm with . or Enter, or press ? or * to list all spells.
You feel a strong surge of power!
Flames lash the orc knight.
Flame seeps out of the orc knight.
The orc knight is heavily wounded.
The orc knight's fire resistance burns away.
Casting: Scorch (safe; 1% risk of failure)
Confirm with . or Enter, or press ? or * to list all spells.
You feel a strong surge of power!
Flames lash the orc knight.
The orc knight is burned terribly!
Flame seeps out of the orc knight.
The orc knight is severely wounded.
The orc knight is engulfed in blazing flames.
Flame seeps out of the orc knight.
Casting: Scorch (safe; 1% risk of failure)
Confirm with . or Enter, or press ? or * to list all spells.
You feel a strong surge of power!
Flames lash the orc knight.
The orc knight is burned terribly!
Sif Muna accepts your kill.
The orc knight explodes!
You hear a shout!
You start resting.
You feel less invigorated.
You start resting.
A deep troll earth mage comes into view.
Casting: Scorch (safe; 1% risk of failure)
Confirm with . or Enter, or press ? or * to list all spells.
You feel a strong surge of power!
You conjure some foxfire!
The deep troll earth mage points next to you and mumbles some strange words.
The metal wall shatters!
The blast of metal fragments hits you!!
You die...

~~~~≈≈≈≈# ##C.+
.## ≈#~≈≈≈~≈# #'##
.. # ###≈#~~.# #C
. ........# '##
+######## ..# .C.#
#...##
#####.....##
+@v☼§...T...
##################
###### #......
#....# #.#####
#.##.# #......
#.##.#########.
#.##...........
#.############.
#.#.§.#....# #.


You could see a deep troll earth mage (ally target).

Vanquished Creatures
  A boulder beetle (D:11)
  5 two-headed ogres
  The ghost of ANON1729 the Trooper, a novice MiMo (D:6)
  An orc knight (D:11)
  A cyclops (D:11)
  A manticore (D:12)
  Maurice (D:12)
  An unseen horror (D:5)
  6 trolls
  Grinder (D:4)
  Prince Ribbit (D:6)
  A slime creature (D:11)
  Sigmund (D:6)
  2 wyverns
  A wraith (D:5)
  11 yaks (D:10)
  4 vampire mosquitoes (D:11)
  3 wargs (D:11)
  An acid dragon (D:10)
  A sky beast (D:8)
  2 orc warriors (D:9)
  5 ice beasts
  3 ogres
  3 centaurs
  2 phantoms
  3 kobold brigands
  3 bullfrogs (D:7)
  8 scorpions
  2 gnoll sergeants (D:8)
  9 wights
  5 killer bees (D:5)
  An electric eel (D:11)
  4 howler monkeys
  A lava snake (D:12)
  6 hounds
  Crazy Yiuf (D:3)
  2 human zombies
  3 orc priests
  8 jellies
  7 iguanas
  Jessica (D:3)
  A human skeleton (D:8)
  Ijyb (D:5)
  11 orc wizards
  3 mummies (Ossuary)
  11 gnolls
  8 adders
  A shadow imp (D:8)
  6 white imps (D:6)
  An ufetubus (D:5)
  3 adder zombies (Ossuary)
  3 dart slugs
  26 orcs
  5 ball pythons
  5 endoplasms
  A giant cockroach (D:4)
  A gnoll zombie (Ossuary)
  14 goblins
  A hobgoblin (D:1)
  4 jackals (D:3)
  2 quokkas (D:5)
  9 bats
  3 frilled lizards
  2 goblin zombies (Ossuary)
  5 hobgoblin zombies (Ossuary)
  23 kobolds
  2 kobold zombies (Ossuary)
  4 orc skeletons (D:8)
  4 quokka zombies (Ossuary)
  4 rats
288 creatures vanquished.

Vanquished Creatures (collateral kills)
  Pargi (D:3)
1 creature vanquished.

Vanquished Creatures (others)
  854 foxfires
854 creatures vanquished.

Grand Total: 1143 creatures vanquished

Notes
Turn   | Place    | Note
-------+----------+-------------------------------------------
     0 | D:1      | Conn the Octopode Fire Elementalist began the quest for the
                  | Orb.
     0 | D:1      | Reached XP level 1. HP: 11/11 MP: 3/3
   164 | D:1      | Reached XP level 2. HP: 17/17 MP: 1/5
   999 | D:2      | Reached XP level 3. HP: 11/21 MP: 4/6
  1005 | D:2      | Learned a level 2 spell: Scorch
  1009 | D:2      | Learned a level 3 spell: Inner Flame
  1262 | D:2      | Found a faded altar of an unknown god.
  1960 | D:3      | Noticed Pargi
  2094 | D:3      | Reached skill level 2 in Conjurations
  2327 | D:3      | Reached XP level 4. HP: 20/27 MP: 1/7
  2471 | D:3      | Killed Pargi
  2472 | D:3      | Reached XP level 5. HP: 23/31 MP: 8/8
  2603 | D:3      | Found a runed translucent door.
  2607 | D:3      | Noticed Crazy Yiuf
  2622 | D:3      | Killed Crazy Yiuf
  2623 | D:3      | Reached skill level 3 in Conjurations
  2813 | D:3      | Identified the +0 pair of gloves "Sikiushriuv" {Will+}
  2853 | D:3      | Noticed Jessica
  2871 | D:3      | Reached XP level 6. HP: 25/36 MP: 2/10
  2879 | D:3      | Killed Jessica
  3015 | D:4      | Noticed Grinder
  3024 | D:4      | Killed Grinder
  3025 | D:4      | Reached skill level 4 in Conjurations
  3025 | D:4      | Reached XP level 7. HP: 41/41 MP: 1/11
  3103 | D:4      | Found Ymuteb's Assorted Antiques.
  3111 | D:4      | Bought a runed bone wand for 88 gold pieces
  3307 | D:4      | Learned a level 4 spell: Flame Wave
  3907 | D:5      | Entered Level 5 of the Dungeon
  3925 | D:5      | Noticed Ijyb
  3931 | D:5      | Reached skill level 5 in Conjurations
  4075 | D:5      | Reached XP level 8. HP: 11/46 MP: 1/14
  4404 | D:5      | Found a snail-covered altar of Cheibriados.
  4808 | D:5      | Killed Ijyb
  4928 | D:5      | Reached skill level 5 in Spellcasting
  4928 | D:5      | Reached skill level 5 in Fire Magic
  4931 | D:5      | Reached skill level 6 in Conjurations
  5087 | D:5      | Noticed a wraith
  5097 | D:5      | Killed a wraith
  5351 | D:5      | Reached XP level 9. HP: 46/51 MP: 7/17
  5357 | D:5      | Reached skill level 5 in Dodging
  5477 | D:5      | Killed an unseen horror
  5478 | D:5      | Reached skill level 7 in Conjurations
  6073 | D:6      | Found a staircase to the Ecumenical Temple.
  6087 | Temple   | Entered the Ecumenical Temple
  6100 | Temple   | Became a worshipper of Sif Muna the Loreminder
  6137 | D:6      | Found Pigonydy's Armour Shoppe.
  6157 | D:6      | Noticed Prince Ribbit
  6167 | D:6      | Killed Prince Ribbit
  6357 | D:6      | Noticed Sigmund
  6362 | D:6      | Killed Sigmund
  6461 | D:6      | Learned a level 3 spell: Mephitic Cloud
  6467 | D:6      | Learned a level 5 spell: Freezing Cloud
  6545 | D:6      | Found a runed translucent gate.
  6545 | D:6      | Found a runed translucent gate.
  6545 | D:6      | Found a runed translucent gate.
  6564 | D:6      | Noticed ANON1729's ghost (novice MiMo)
  6571 | D:6      | Killed ANON1729's ghost
  6572 | D:6      | Reached skill level 8 in Conjurations
  6572 | D:6      | Reached skill level 1 in Ice Magic
  6572 | D:6      | Reached skill level 1 in Air Magic
  6572 | D:6      | Reached skill level 1 in Poison Magic
  6572 | D:6      | Reached XP level 10. HP: 49/56 MP: 1/20
  7151 | D:6      | Got the ring of Patz {Fire rCorr Str+3}
  7265 | D:6      | Found a bloodstained altar of Trog.
  7428 | D:7      | Reached * piety under Sif Muna
  8514 | D:7      | Noticed a two-headed ogre
  8522 | D:7      | Killed a two-headed ogre
  8523 | D:7      | Reached skill level 1 in Fighting
  8523 | D:7      | Reached skill level 1 in Staves
  8750 | D:8      | Found a sand-covered staircase.
  8764 | Ossuary  | Entered an ossuary
  8974 | Ossuary  | Reached ** piety under Sif Muna
  9476 | D:8      | Found a radiant altar of Vehumet.
 10374 | D:9      | You fall into a shaft and drop 3 floors!
 10451 | D:12     | Found a staircase to the Orcish Mines.
 10457 | Orc:1    | Entered Level 1 of the Orcish Mines
 10462 | Orc:1    | Noticed Fannar
 10642 | D:12     | Noticed a two-headed ogre
 10658 | D:12     | Killed a two-headed ogre
 10659 | D:12     | Reached skill level 1 in Shields
 10659 | D:12     | Reached XP level 11. HP: 64/64 MP: 11/22
 10720 | D:12     | Noticed Maurice
 10726 | D:12     | Killed Maurice
 10857 | D:12     | Noticed a manticore
 10866 | D:12     | Killed a manticore
 11207 | D:11     | Noticed a boulder beetle
 11228 | D:11     | Killed a boulder beetle
 11445 | D:11     | Reached skill level 5 in Invocations
 11497 | D:10     | Entered Level 10 of the Dungeon
 11613 | D:10     | Noticed a two-headed ogre
 11663 | D:10     | Killed a two-headed ogre
 11886 | D:10     | Reached *** piety under Sif Muna
 12497 | D:9      | Noticed a two-headed ogre
 12502 | D:9      | Killed a two-headed ogre
 12503 | D:9      | Reached skill level 9 in Conjurations
 12588 | D:9      | Noticed a two-headed ogre
 12594 | D:9      | Reached XP level 12. HP: 67/72 MP: 15/24
 12606 | D:9      | Killed a two-headed ogre
 13725 | D:11     | Found a staircase to the Lair.
 14044 | D:11     | Noticed a fire giant
 14053 | D:11     | Noticed a boulder beetle
 14057 | D:11     | Noticed a fire giant
 14088 | D:11     | Noticed a deep troll earth mage
 14089 | D:11     | Killed from afar by a deep troll earth mage

Illustrated notes

Levels and vault maps discovered:
D:1:      minmay_arrival_diagonal_passages, layout_loops_ring,
          roderic_serpentine_path
D:2:      layout_basic, shapermc_ecumenical_altar_mp_ritualfount
D:3:      layout_basic, uniq_crazy_yiuf_cottage, uniq_pargi, uniq_jessica
D:4:      layout_gridville, serial_shops, shop, uniq_grinder
D:5:      layout_loops_cross, mainiacjoe_overflow_concentric_impassable,
          nzn_random_ring, uniq_ijyb
D:6:      layout_basic, lemuel_tele_altar, minmay_temple_entry_crystal_x,
          serial_shops, nicolae_shop_tiny_waterfront, gammafunk_ghost_icy,
          uniq_prince_ribbit1, uniq_sigmund
D:7:      layout_basic, nicolae_titane
D:8:      layout_basic, general_overflow_altar, enter_bailey_3,
          nicolae_ossuary_entry_catacombs
D:9:      layout_loops_cross
D:10:     layout_loops_ring, minmay_fractal_squares_diagonal_5
D:11:     minmay_box_of_curves, layout_basic, erik_lair_orcish_takeover,
          serial_shops, nicolae_stop_n_shop_1, serial_bayou_lagoon_a
D:12:     lemuel_slime, layout_basic, orc_0_dummy, uniq_maurice
Temple:   hellmonk_temple_of_storms
Orc:1:    layout_diamond_mine, uniq_snorg, uniq_fannar, uniq_urug

Skill      XL: |  1  2  3  4  5  6  7  8  9 10 11 12 |
---------------+-------------------------------------+-----
Stealth        | 3 4 |  4.0
Conjurations   | 2 3 4 5 6 8 9 |  9.2
Dodging        | 3 4 5 6 7 |  7.2
Spellcasting   | 3 4 5 7 8 |  8.9
Fire Magic     | 4 5 6 7 |  7.3
Ice Magic      | 1 2 3 4 |  4.0
Air Magic      | 1 2 3 |  3.9
Poison Magic   | 1 3 |  3.0
Invocations    | 2 4 5 6 |  6.3
Fighting       | 2 3 |  3.7
Staves         | 2 3 |  3.7
Shields        | 1 2 3 |  3.3

Action                     |  1- 3 |  4- 6 |  7- 9 | 10-12 || total
---------------------------+-------+-------+-------+-------++-------
  Melee: Dagger            |    12 |       |       |       ||    12
         Unarmed           |     3 |       |       |       ||     3
         Constrict         |     7 |     4 |     4 |    15 ||    30
         Staff             |    13 |    16 |    11 |    72 ||   112
         Tentacles         |     4 |     5 |     6 |    30 ||    45
         Punch             |     1 |       |       |     3 ||     4
  Throw: Dart              |       |       |       |     1 ||     1
   Cast: Foxfire           |    72 |    23 |   125 |   281 ||   501
         Scorch            |     4 |     7 |    43 |    70 ||   124
         Inner Flame       |       |     2 |     7 |    16 ||    25
         Flame Wave        |       |       |     5 |    20 ||    25
         Mephitic Cloud    |       |       |       |    13 ||    13
         Freezing Cloud    |       |       |       |     1 ||     1
 Invoke: Channel Magic     |       |       |       |     2 ||     2
  Evoke: Wand              |       |       |     1 |     1 ||     2
    Use: Scroll            |       |     7 |     5 |    15 ||    27
         Potion            |       |     2 |     1 |     6 ||     9
   Stab: Sleeping          |     1 |     1 |       |     5 ||     7
 Armour: Skin              |    18 |    17 |    24 |    69 ||   128
  Dodge: Dodged            |    41 |    16 |    48 |    66 ||   171
  Block: Other             |       |       |     1 |    18 ||    19
         Reflection        |       |       |       |     1 ||     1

Table legend: (Time is in decaauts)
 A = Elapsed time spent in this place.
 B = Non-inter-level travel time spent in this place.
 C = Inter-level travel time spent in this place.
 D = Time resting spent in this place.
 E = Time spent auto-exploring this place.
 F = Levels seen in this place.
 G = Mean time per level.
                   A        B        C        D        E       F      G
               +--------+--------+--------+--------+--------+-----+--------+
         Total |  14098 |  13799 |    299 |   1761 |   9034 |  15 |  939.9 |
       Dungeon |  13532 |  13233 |    299 |   1470 |   8979 |  12 | 1127.7 |
        Temple |     47 |     47 |      0 |      0 |      0 |   1 |   47.0 |
  Orcish Mines |     15 |     15 |      0 |      0 |      0 |   1 |   15.0 |
       Ossuary |    503 |    503 |      0 |    291 |     55 |   1 |  503.0 |
               +--------+--------+--------+--------+--------+-----+--------+

Top non-repeatable levels by time:
     D:5: 1740 daAuts
    D:10: 1497 daAuts
     D:4: 1357 daAuts
     D:7: 1347 daAuts
     D:2: 1276 daAuts
     D:6: 1189 daAuts
     D:8: 1179 daAuts
     D:9: 937 daAuts
     D:1: 924 daAuts
     D:3: 771 daAuts
    D:12: 674 daAuts
    D:11: 636 daAuts
 Ossuary: 503 daAuts
  Temple: 47 daAuts
   Orc:1: 15 daAuts
